 Dungeon Crawl Stone Soup version 0.21-a0-404-g291f19a (webtiles) character file.

56 firefreeman the Cudgeler (level 3, -2/31 HPs)
             Began as a Minotaur Berserker on Oct 26, 2017.
             Was a Believer of Trog.
             Slain by an orc
             ... wielding a +0 trident
              (6 damage)
             ... on level 3 of the Dungeon.
             The game lasted 00:10:48 (2527 turns).

firefreeman the Cudgeler (Minotaur Berserker)       Turns: 2527, Time: 00:10:51

Health: -2/31      AC:  9    Str: 22    XL:     3   Next: 71%
Magic:  2/2        EV:  5    Int:  4    God:    Trog [**....]
Gold:   88         SH:  7    Dex:  9    Spells: 2/2 levels left

rFire    . . .     SeeInvis .   a - +0 mace
rCold    . . .     Gourm    .   f - +0 shield
rNeg     . . .     Faith    .   n - +0 chain mail
rPois    .         Spirit   .   (helmet restricted)
rElec    .         Reflect  .   r - +0 cloak
rCorr    .         Harm     .   (no gloves)
MR       .....                  (no boots)
Stlth    ..........             (no amulet)
HPRegen  0.10/turn              (no ring)
MPRegen  0.08/turn              (no ring)

@: no status effects
A: retaliatory headbutt, horns 2
a: Berserk, Trog's Hand, Burn Spellbooks, Renounce Religion


You were on level 3 of the Dungeon.
You worshipped Trog.
Trog was pleased with you.
You were hungry.

You visited 1 branch of the dungeon, and saw 3 of its levels.

You collected 88 gold pieces.

Inventory:

Hand Weapons
 a - a +0 mace (weapon)
 b - a +0 hunting sling
Missiles
 e - 34 poisoned needles
 m - 16 stones (quivered)
 q - a sling bullet
Armour
 f - a +0 shield (worn)
 n - a +0 chain mail (worn)
 r - a +0 cloak (worn)
Scrolls
 j - 2 scrolls of teleportation
 k - a scroll of enchant weapon {unknown}
 p - a scroll of identify
 v - a scroll of recharging
Potions
 d - 2 potions of cancellation
 h - a potion of agility {unknown}
 i - 2 potions of brilliance {unknown}
 s - a potion of curing {unknown}
Comestibles
 c - 3 bread rations
 g - a meat ration
 u - a royal jelly


   Skills:
 - Level 3.6 Fighting
 + Level 5.7 Maces & Flails
 - Level 2.4 Armour
 - Level 2.1 Dodging


You had 2 spell levels left.
You didn't know any spells.

Dungeon Overview and Level Annotations

Branches:
Dungeon (3/15)

Altars:


Innate Abilities, Weirdness & Mutations

You reflexively headbutt those who attack you in melee.
You have a pair of horns on your head.


Message History

The orc is almost dead.
The orc hits you but does no damage.
You closely miss the orc.
The orc is almost dead.
The orc priest miscasts a cantrip.
The orc hits you but does no damage.
You closely miss the orc.
The orc is almost dead.
The orc hits you but does no damage.
You hit the orc but do no damage.
The orc is severely wounded.
The orc hits you but does no damage.
You hit the orc but do no damage.
The orc is severely wounded.
The orc priest invokes the aid of Beogh against you.
Beogh smites you!
Ouch! That really hurt!
* * * LOW HITPOINT WARNING * * *
The orc hits you with a trident.
You die...

##.##o####
#.g.oo...#
...##o##.# #
#o# #o# #g#
#o# #o# #@#
#####.#######
#...........#
#.###.#####.#
####.##..# .#
..##.##.## #
#.##.##. ###
#.##.##.
..###
#.##.##?#


You could see an orc priest, 3 orcs and a hobgoblin.

Vanquished Creatures
  An adder (D:2)
  An ooze (D:2)
  2 worms (D:2)
  An orc (D:3)
  A bat (D:1)
  8 goblins
  4 hobgoblins
  4 jackals (D:1)
  A quokka (D:2)
  5 frilled lizards
  3 kobolds
  2 rats
33 creatures vanquished.

Notes
Turn   | Place    | Note
-------+----------+-------------------------------------------
     0 | D:1      | firefreeman the Minotaur Berserker began the quest for the Orb.
     0 | D:1      | Reached XP level 1. HP: 19/19 MP: 0/0
   267 | D:1      | Reached skill level 4 in Maces & Flails
   353 | D:1      | Reached XP level 2. HP: 23/26 MP: 1/1
  1352 | D:2      | Reached skill level 5 in Maces & Flails
  1597 | D:2      | Reached ** piety under Trog
  1597 | D:2      | Reached XP level 3. HP: 30/31 MP: 2/2
  2406 | D:3      | Found a faded altar of an unknown god.
  2527 | D:3      | Slain by an orc

Vault maps used:
D:1:      wheals_arrival_linesprint, nrook_mini_vaults
D:2:      cheibrodos_old_hovel, first_bread
D:3:      chequers_ecumenical_altar_simple

Skill      XL: |  1  2 |
---------------+-------+-----
Maces & Flails | 4 5 |  5.7
Fighting       | |  3.6
Armour         | |  2.4
Dodging        | |  2.1

Action                   || total
-------------------------++-------
Melee: Mace              ||    57
       Headbutt          ||     4
 Fire: Hunting sling     ||   112
  Use: Scroll            ||     8
  Eat: Chunk             ||     4
Armor: Animal skin       ||    14
       Chain mail        ||    45
Dodge: Dodged            ||    51
Block: Shield            ||    66

Table legend:
 A = Spawn XP
 B = Non-spawn XP
 C = Spawn XP percentage of total XP
 D = Spawn monster count
 E = Non-spawn monster count
 F = Spawn count percentage of total count
 G = Total turns spent on level
                    A         B        C        D         E        F      G
               +---------+---------+-------+---------+---------+-------+---------
         Total |       0 |      81 |   0.0 |       0 |      33 |   0.0 |  2527
               +---------+---------+-------+---------+---------+-------+---------
           D:1 |       0 |      23 |   0.0 |       0 |      13 |   0.0 |  1259
           D:2 |       0 |      54 |   0.0 |       0 |      18 |   0.0 |  1147
           D:3 |       0 |       4 |   0.0 |       0 |       2 |   0.0 |   121
               +---------+---------+-------+---------+---------+-------+---------
